 Dungeon Crawl Stone Soup version 0.18-a0-1639-g7533f42 (webtiles) character file.

257 syage the Covered (level 5, -24/42 HPs)
             Began as a Vampire Fighter on Mar 27, 2016.
             Annihilated by an ogre
             ... wielding a +0 giant club
              (29 damage)
             ... on level 4 of the Dungeon.
             The game lasted 00:06:56 (2770 turns).

syage the Covered (Vampire Fighter)                 Turns: 2770, Time: 00:06:56

Health: -24/42     AC:  7    Str: 16    XL:     5   Next: 93%
Magic:  5/5        EV:  6    Int: 11    God:
Gold:   225        SH:  8    Dex: 13    Spells: 0 memorised, 4 levels left

rFire  . . .     SeeInvis +     a - +1 long sword
rCold  . . .     Gourm    .     b - +0 scale mail
rNeg   . . .     Faith    .     c - +0 shield
rPois  .         Spirit   .     (no helmet)
rElec  .         Dismiss  .     (no cloak)
rCorr  .         Reflect  .     (no gloves)
SustAt .         Harm     .     (no boots)
MR     .....                    (no amulet)
Stlth  +.........               (no ring)
                                (no ring)

@: regenerating quickly, not resistant to hostile enchantments, very unstealthy
A: fangs 3, see invisible, unbreathing
a: no special abilities


You were on level 4 of the Dungeon.
You were full.

You visited 1 branch of the dungeon, and saw 4 of its levels.

You collected 225 gold pieces.

Inventory:

Hand Weapons
 a - a +1 long sword (weapon)
Armour
 b - a +0 scale mail (worn)
 c - a +0 shield (worn)
 h - a +0 large shield
Jewellery
 m - a +2 ring of intelligence {unknown}
Wands
 d - a wand of slowing (0/48)
 f - a wand of digging (16/24)
Scrolls
 e - a scroll of fear
 g - 2 scrolls of identify {unknown}
 k - a scroll of random uselessness
 l - a scroll of blinking {unknown}
 q - a scroll of enchant weapon
Potions
 i - a potion of haste {unknown}
 j - 5 potions of curing {unknown}
 n - 2 potions of might
 o - 2 potions of degeneration {unknown}
 p - a potion of flight {unknown}


   Skills:
 + Level 3.7 Fighting
 + Level 3.5 Long Blades
 + Level 4.1 Armour
 + Level 1.6 Stealth
 - Level 2.8 Shields


You had 4 spell levels left.
You didn't know any spells.

Dungeon Overview and Level Annotations

Branches:
Dungeon (4/15)
 Temple: D:4-7

Altars:
Fedhas
Qazlal


Innate Abilities, Weirdness & Mutations

Your natural rate of healing is unusually fast.
You have razor-sharp teeth.
You have supernaturally acute eyesight.
You can survive without breathing.


Message History

You see here a quarterstaff.
You open the door.
There is an open door here.
An ogre comes into view. It is wielding a giant club.
The ogre barely misses you.
You hit the ogre.
The ogre is moderately wounded.
The ogre hits you with a giant club!!
You completely miss the ogre.
The ogre is moderately wounded.
The ogre hits you with a giant club!!
* * * LOW HITPOINT WARNING * * *
You slash the ogre! You bite the ogre, but do no damage.
The ogre is heavily wounded.
The ogre barely misses you.
You hit the ogre.
The ogre is heavily wounded.
The ogre hits you with a giant club!!
Ouch! That really hurt!
You die...

#####.#...####.........
.............'.........
##.#...####.........
#..#.## ##.......#
##.### ##.....## #.#
##...## #.# #+## #.#
#@# #O# #?.......
....##### ##.....
#.#.... .........
#........ #########


You could see an ogre.

Vanquished Creatures
  A giant frog skeleton (D:3)
  Ijyb (D:1)
  Terence (D:3)
  An iguana (D:4)
  A worker ant (D:4)
  An orc wizard (D:4)
  5 adders
  An ooze (D:3)
  An adder skeleton (D:4)
  A worm (D:2)
  3 orcs
  A ball python (D:4)
  5 bats
  2 giant cockroaches
  5 goblins
  5 hobgoblins
  5 kobolds
  3 quokkas
  4 giant newts
  10 rats
57 creatures vanquished.

Notes
Turn   | Place    | Note
--------------------------------------------------------------
     0 | D:1      | syage the Vampire Fighter began the quest for the Orb.
     0 | D:1      | Reached XP level 1. HP: 17/17 MP: 1/1
   180 | D:1      | Reached XP level 2. HP: 16/23 MP: 2/2
   667 | D:2      | Reached XP level 3. HP: 16/29 MP: 3/3
   943 | D:2      | Reached skill level 3 in Armour
   958 | D:2      | Noticed Ijyb
  1021 | D:1      | Killed Ijyb
  1021 | D:1      | Reached XP level 4. HP: 2/35 MP: 4/4
  1591 | D:3      | Noticed Terence
  1616 | D:3      | Killed Terence
  1616 | D:3      | Reached skill level 1 in Stealth
  1848 | D:3      | Reached XP level 5. HP: 41/41 MP: 5/5
  1883 | D:3      | Found a stormy altar of Qazlal.
  2327 | D:4      | Found a blossoming altar of Fedhas.
  2624 | D:4      | Reached skill level 4 in Armour
  2763 | D:4      | Noticed an ogre
  2770 | D:4      | Annihilated by an ogre

Vault maps used:
D:1:      erik_arrival_triangle_large
D:2:      first_bread, uniq_iyjb
D:3:      lemuel_round_altar, uniq_terence
D:4:      fedhas_altar_3, uniq_duvessa

Skill      XL: |  1  2  3  4  5 |
---------------+----------------+-----
Fighting       | 3 |  3.7
Armour         | 3 4 |  4.1
Stealth        | 1 |  1.6
Long Blades    | 3 |  3.5
Shields        | |  2.8

Action                   |  1- 3 |  4- 6 || total
-------------------------+-------+-------++-------
Melee: Long sword        |   104 |   111 ||   215
  Use: Potion            |     1 |       ||     1
       Scroll            |       |     6 ||     6
  Eat: Corpse            |     3 |    15 ||    18
